 Dungeon Crawl Stone Soup version 0.19-a0-1007-g133f65f (webtiles) character file.

6185 HAL9000 the Grappler (level 10, 0/81 HPs)
             Began as a Grey Draconian Transmuter on July 19, 2016.
             Was an Elder of Makhleb.
             Slain by a troll (3 damage)
             ... on level 9 of the Dungeon.
             The game lasted 00:21:58 (9970 turns).

HAL9000 the Grappler (Grey Draconian Transmuter)    Turns: 9970, Time: 00:21:58

Health: 0/81       AC: 15    Str: 15    XL:     10   Next: 60%
Magic:  3/14       EV: 15    Int: 13    God:    Makhleb [****..]
Gold:   428        SH:  3    Dex: 16    Spells: 4 memorised, 2 levels left

rFire  x . .     SeeInvis .       - Unarmed
rCold  . . .     Gourm    .     (armour unavailable)
rNeg   + + .     Faith    .     (no shield)
rPois  .         Spirit   .     (helmet restricted)
rElec  .         Dismiss  .     V - +2 cloak of the Thinker {+Blink rF- rN++ MR-}
rCorr  .         Reflect  +     (no gloves)
SustAt .         Harm     .     (no boots)
MR     .....                    j - +3 amulet of reflection
Stlth  +.........               M - +3 ring of dexterity
                                B - ring of wizardry

@: very slightly contaminated, not resistant to hostile enchantments, very
unstealthy
A: walk through water, unfitting armour, unbreathing, cold-blooded, AC +12
a: Minor Destruction, Lesser Servant of Makhleb, Major Destruction, Renounce
Religion, Evoke Blink


You were on level 9 of the Dungeon.
You worshipped Makhleb.
Makhleb was greatly pleased with you.
You were near starving.

You visited 2 branches of the dungeon, and saw 10 of its levels.

You collected 517 gold pieces.
You spent 89 gold pieces at shops.

Inventory:

Missiles
 a - 35 arrows
Armour
 V - the +2 cloak of the Thinker (worn) {+Blink rF- rN++ MR-}
   (You acquired it on level 8 of the Dungeon)

   It makes you vulnerable to fire.
   It greatly protects you from negative energy.
   It affects your resistance to hostile enchantments.
   It lets you blink.
 X - a +1 cloak
Magical Staves
 Y - an uncursed staff of fire {unknown}
Jewellery
 d - an uncursed amulet of dismissal
 j - a +3 amulet of reflection (around neck)
 B - a ring of wizardry (left hand)
 F - an uncursed amulet of the gourmand
 M - a +3 ring of dexterity (right hand)
Wands
 k - a wand of enslavement (0/24)
 u - a wand of paralysis (12/24)
 G - a wand of random effects (18/48)
 K - a wand of acid (11/15)
 Q - a wand of flame (24/48)
Scrolls
 l - 4 scrolls of remove curse
 r - a scroll of enchant armour
 w - a scroll of fear
 L - a scroll of amnesia {unknown}
 R - a scroll of identify
 T - a scroll of vulnerability {unknown}
 Z - a scroll of enchant weapon
Potions
 e - 3 potions of heal wounds
 i - a potion of magic
 m - a potion of lignification
 A - a potion of berserk rage
 C - a potion of brilliance
 D - a potion of flight
 H - a potion of invisibility {unknown}
 I - a potion of mutation {unknown}
 J - a potion of cancellation {unknown}
 O - 2 potions of curing {unknown}
 P - a potion of haste {unknown}
 U - a potion of degeneration {unknown}
Books
 b - a book of Changes

   Spells                             Type                      Level
   a - Beastly Appendage              Transmutation                1
   b - Sticks to Snakes               Transmutation                2
   c - Spider Form                    Transmutation/Poison         3
   d - Ice Form                       Ice/Transmutation            4
   e - Blade Hands                    Transmutation                5
 N - a book of Death

   Spells                             Type                      Level
   a - Corpse Rot                     Necromancy                   2
   b - Sublimation of Blood           Necromancy                   2
   c - Agony                          Necromancy                   5
   d - Dispel Undead                  Necromancy                   5
   e - Excruciating Wounds            Charms/Necromancy            5
   f - Bolt of Draining               Conjuration/Necromancy       5
Comestibles
 c - 10 bread rations
 h - 4 meat rations
 S - 5 chunks of flesh
 W - 8 slices of pizza


   Skills:
 + Level 5.5 Fighting
 + Level 4.9 Dodging
 + Level 10.6 Unarmed Combat
 - Level 2.0 Spellcasting
 - Level 9.1 Transmutations
 + Level 5.5 Invocations


You had 2 spell levels left.
You knew the following spells:

 Your Spells              Type           Power        Failure   Level  Hunger
a - Beastly Appendage     Tmut           ###...       1%          1    ##.....
b - Sticks to Snakes      Tmut           ###.....     1%          2    ###....
c - Spider Form           Tmut/Pois      ##........   4%          3    ####...
d - Blade Hands           Tmut           ###.......   7%          5    ######.


Dungeon Overview and Level Annotations

Branches:
Dungeon (9/15)             Temple (1/1) D:5            Lair (0/6) D:9
    Orc (0/2) D:9

Altars:
Ashenzari
Cheibriados
Dithmenos
Elyvilon
Fedhas
Gozag
Makhleb
Nemelex Xobeh
Okawaru
Qazlal
Ru
Sif Muna
Trog
Uskayaw
Vehumet
Xom
Yredelemnul
Zin
The Shining One

Shops:
D:8 *


Innate Abilities, Weirdness & Mutations

You can walk through water.
Your dull iron-grey scales are very hard. (AC +12)
Your body does not fit into most forms of armour.
You can survive without breathing.
You are cold-blooded and may be slowed by cold attacks.


Message History

You slice the gnoll!!
You kill the gnoll!
Makhleb accepts your kill.
A jackal and a troll come into view.
You hit the troll. Your slash misses the troll.
The troll is lightly wounded.
The jackal closely misses you. x2
You barely miss the troll.
The troll is lightly wounded.
The troll bites you!
* * * LOW HITPOINT WARNING * * *
The troll closely misses you. The troll claws you but does no damage.
The jackal barely misses you.
You slash the troll!
The troll is heavily wounded.
Your hands revert to their normal proportions.
The troll bites you!
* * * LOW HITPOINT WARNING * * *
The troll claws you.
You die...

......#
##.#.#.#.#.
......#
#(###.#.#.#
......#
##.#.#.#.#.#.
#.
##.###.#.#.#
#.#
##.#.#5#.#.#
#.# #.###.#
#.# #.#
##.#.#.#.#.#.#
##.###h###.#
#.#)#.#@#.#.
#.###)###T# ##
#†#)#.#.#
#.###g###.#
#.# #.#.# #.#
#)# #.###g#
#.# ## #.# #g#
#.# #.# #.#
#.# #.# #.# #.


You could see a troll and a jackal.

Vanquished Creatures
  A cyclops (D:9)
  3 trolls (D:9)
  Prince Ribbit (D:8)
  A two-headed ogre (D:8)
  A spriggan (D:8)
  A yak (D:9)
  A wyvern (D:9)
  A hippogriff (D:9)
  3 hungry ghosts
  A water moccasin (D:7)
  4 ice beasts
  3 sky beasts
  A black bear (D:9)
  A necrophage (D:8)
  3 orc warriors
  An ogre (D:9)
  A phantom (D:5)
  A centaur (D:6)
  A big kobold (D:7)
  A gnoll sergeant (D:9)
  5 giant frogs
  A scorpion (D:7)
  3 killer bees (D:7)
  7 wights
  An electric eel (D:7)
  3 crimson imps
  3 orc priests
  3 hounds
  4 jellies
  A giant frog skeleton (D:9)
  3 iguanas
  5 orc wizards
  4 worker ants
  A hound zombie (D:7)
  A hound skeleton (D:6)
  14 gnolls
  8 adders
  2 shadow imps
  3 oozes
  4 worms
  A dart slug (D:3)
  5 giant geckos
  16 orcs
  A ball python (D:5)
  14 giant cockroaches
  10 goblins
  6 hobgoblins
  2 jackals (D:2)
  8 kobolds
  3 quokkas
  5 bats (D:1)
  6 giant newts
  8 rats
192 creatures vanquished.

Vanquished Creatures (collateral kills)
  2 ogres (D:5)
  2 scorpions
  Ijyb (D:2)
  2 iguanas
  An adder (D:2)
  A giant gecko (D:8)
  3 orcs
  3 giant cockroaches
  3 goblins (D:2)
  A giant newt (D:5)
19 creatures vanquished.

Vanquished Creatures (others)
  A centaur (D:5)
  2 worker ants (D:5)
  3 kobolds (D:7)
6 creatures vanquished.

Grand Total: 217 creatures vanquished

Notes
Turn   | Place    | Note
-------+----------+-------------------------------------------
     0 | D:1      | HAL9000 the Draconian Transmuter began the quest for the Orb.
     0 | D:1      | Reached XP level 1. HP: 16/16 MP: 3/3
   593 | D:1      | Reached XP level 2. HP: 23/23 MP: 1/5
   612 | D:1      | Learned a level 2 spell: Sticks to Snakes
   832 | D:2      | Noticed Ijyb
   896 | D:2      | Killed Ijyb
   896 | D:2      | Reached XP level 3. HP: 9/28 MP: 2/6
  1366 | D:2      | Reached skill level 4 in Unarmed Combat
  1515 | D:2      | Reached XP level 4. HP: 30/35 MP: 5/7
  1821 | D:3      | Learned a level 3 spell: Spider Form
  2610 | D:3      | Reached XP level 5. HP: 40/40 MP: 6/8
  3012 | D:4      | Found a stormy altar of Qazlal.
  3039 | D:4      | Noticed an air elemental
  3058 | D:4      | Noticed a water elemental
  3064 | D:4      | Noticed a fire elemental
  3268 | D:4      | Reached skill level 5 in Unarmed Combat
  3744 | D:4      | Reached XP level 6. HP: 38/47 MP: 9/9
  3884 | D:5      | Entered Level 5 of the Dungeon
  4052 | D:5      | Found a staircase to the Ecumenical Temple.
  4097 | D:5      | Reached skill level 5 in Transmutations
  4143 | D:5      | Found a sparkling altar of Nemelex Xobeh.
  4315 | D:5      | Reached skill level 6 in Unarmed Combat
  4315 | D:5      | Your scales start taking on a dull iron-grey colour.
  4315 | D:5      | Reached XP level 7. HP: 47/52 MP: 7/10
  4315 | D:5      | Gained mutation: You can survive without breathing. [Grey Draconian growth]
  4385 | D:5      | Found an opulent altar of Gozag.
  4798 | D:5      | Found a shimmering altar of Xom.
  5002 | Temple   | Entered the Ecumenical Temple
  5196 | Temple   | Became a worshipper of Makhleb the Destroyer
  5564 | D:5      | Reached skill level 7 in Unarmed Combat
  5993 | D:6      | Found a deep blue altar of Sif Muna.
  6083 | D:6      | Reached XP level 8. HP: 54/59 MP: 4/11
  6142 | D:6      | Reached * piety under Makhleb
  6689 | D:6      | Learned a level 5 spell: Blade Hands
  7049 | D:7      | Found a glowing silver altar of Zin.
  7061 | D:7      | Reached skill level 8 in Unarmed Combat
  7664 | D:7      | Found a glowing golden altar of the Shining One.
  7701 | D:7      | Found a white marble altar of Elyvilon.
  7908 | D:7      | Reached ** piety under Makhleb
  8229 | D:7      | Reached XP level 9. HP: 38/64 MP: 4/12
  8243 | D:7      | Reached skill level 9 in Unarmed Combat
  8923 | D:8      | Found Line Fum's Assorted Antiques.
  8932 | D:8      | Bought a scroll labeled DORUFANOPE for 23 gold pieces
  8932 | D:8      | Bought a scroll labeled XIHUCI VAMNEA for 23 gold pieces
  8932 | D:8      | Bought a scroll labeled OSSUGA XIFUUTE for 23 gold pieces
  8932 | D:8      | Bought a viscous emerald potion for 20 gold pieces
  9152 | D:8      | Found a snail-covered altar of Cheibriados.
  9189 | D:8      | Noticed Prince Ribbit
  9194 | D:8      | Killed Prince Ribbit
  9194 | D:8      | Reached skill level 1 in Invocations
  9215 | D:8      | Got a spiked cloak
  9226 | D:8      | Identified the +2 cloak of the Thinker {+Blink rF- rN++ MR-} (You acquired it on level 8 of the Dungeon)
  9471 | D:8      | Reached *** piety under Makhleb
  9474 | D:8      | Reached skill level 10 in Unarmed Combat
  9652 | D:9      | Reached XP level 10. HP: 78/78 MP: 7/13
  9659 | D:9      | Found a staircase to the Orcish Mines.
  9802 | D:9      | Found a staircase to the Lair.
  9927 | D:9      | Reached skill level 5 in Invocations
  9929 | D:9      | Reached skill level 5 in Fighting
  9941 | D:9      | Noticed a cyclops
  9959 | D:9      | Reached **** piety under Makhleb
  9964 | D:9      | Killed a cyclops
  9970 | D:9      | HP: 3/81 [troll (12)]
  9970 | D:9      | Slain by a troll

Vault maps used:
D:1:      minmay_arrival_checkered_box
D:2:      kennysheep_the_goblin_king, uniq_iyjb
D:3:      minmay_roachtagon
D:4:      nicolae_qazlal_style_of_elements, first_bread
D:5:      nicolae_gozag_seed_capital, nemelex_altar_shiori, basic_altar
D:6:      overflow_temple_1_default
D:7:      old_standard_altar, kennysheep_little_box, old_standard_altar,
          serial_bayou, serial_bayou_lagoon_a, serial_bayou_pond_c,
          serial_bayou_ford_a, serial_bayou_shore_b, minmay_unpleasant_kobolds
D:8:      slow_altar_1, serial_shops, nicolae_shop_trees, grunt_pizzeria,
          uniq_prince_ribbit1
D:9:      minmay_imperfect_grid, lemuel_coloured_pillars_altar, lair_0_dummy
Temple:   nicolae_temple_figure_eight

Skill      XL: |  1  2  3  4  5  6  7  8  9 10 |
---------------+-------------------------------+-----
Transmutations | 3 4 5 6 8 9 |  9.1
Unarmed Combat | 4 5 6 7 8 10 | 10.6
Dodging        | 3 4 |  4.9
Fighting       | 4 5 |  5.5
Invocations    | 3 5 |  5.5
Spellcasting   | |  2.0

Action                   |  1- 3 |  4- 6 |  7- 9 | 10-12 || total
-------------------------+-------+-------+-------+-------++-------
Melee: Unarmed           |   127 |   189 |   387 |    92 ||   795
       Tailslap          |    16 |    16 |    39 |     8 ||    79
       Kick              |    11 |    14 |     3 |       ||    28
       Headbutt          |       |    11 |     3 |       ||    14
       Punch             |       |     2 |    13 |     3 ||    18
 Cast: Beastly Appendage |    15 |    24 |     3 |       ||    42
       Sticks to Snakes  |     3 |    15 |    20 |     3 ||    41
       Spider Form       |       |     2 |    17 |       ||    19
       Blade Hands       |       |       |     9 |     5 ||    14
 Abil: End Transformatio |       |       |     2 |       ||     2
Evoke: Wand              |       |       |     3 |       ||     3
  Use: Scroll            |       |       |    20 |       ||    20
 Stab: Sleeping          |       |     1 |     1 |       ||     2
       Distracted        |       |     2 |       |     1 ||     3
  Eat: Chunk             |     3 |     6 |    20 |     3 ||    32
       Royal jelly       |       |     1 |     1 |       ||     2
       Pizza             |       |     1 |       |       ||     1
       Meat ration       |       |       |     1 |       ||     1
Armor: Skin              |    28 |    37 |   106 |    23 ||   194
Dodge: Dodged            |    93 |   100 |   217 |    60 ||   470
Block: Other             |     9 |    13 |    32 |    12 ||    66
       Reflection        |       |       |     1 |       ||     1
